 Dungeon Crawl Stone Soup version 0.31-a0-246-g8cbcc1cb85 (webtiles) character file.

Game seed: 6841159947428836992

464 Ofeo the Conjurer (level 6, -13/54 HPs)
             Began as an Armataur Reaver on July 12, 2023.
             Mangled by an ogre
             ... wielding a +0 giant spiked club
              (15 damage)
             ... on level 5 of the Dungeon.
             The game lasted 00:04:57 (4899 turns).

Ofeo the Conjurer (Armataur Reaver)                 Turns: 4899, Time: 00:04:58

Health: -13/54     AC: 14    Str: 25    XL:     6   Next: 80%
Magic:  10/10      EV:  3    Int: 14    God:
Gold:   209        SH:  0    Dex: 10    Spells: 10/11 levels left

rFire   . . .        a - +0 hand axe (drain)
rCold   . . .        (no shield)
rNeg    . . .        n - +0 plate armour
rPois   .            (no helmet)
rElec   .            m - +0 cloak
rCorr   .            f - +0 pair of gloves
SInv    .            g - +0 barding of Lethargy {Str+6 Dex+2}
Will    +....        (no amulet) Stlth
                     d - ring of willpower
HPRegen 0.29/turn    (no ring)
MPRegen 0.12/turn

%: roll
@: no status effects
A: large, rugged brown scales 3, deformed body, armoured tail, roll, long
tongue, awkward tongue
a: no special abilities


You were on level 5 of the Dungeon.
You visited 2 branches of the dungeon, and saw 6 of its levels.

You collected 209 gold pieces.

Inventory:

Hand Weapons
 a - a +0 hand axe of draining (weapon)
Missiles
 o - a boomerang
 t - 4 boomerangs of dispersal
Armour
 b - a +0 leather armour
 f - a +0 pair of gloves (worn)
 g - the +0 barding of Lethargy (worn) {Str+6 Dex+2}
   (You acquired it on level 4 of the Dungeon)

   Str:       It affects your strength (+6).
   Dex:       It affects your dexterity (+2).
 j - a +0 chain mail
 m - a +0 cloak (worn)
 n - a +0 plate armour (worn)
 p - a scarf of resistance
Jewellery
 d - a ring of willpower (left hand)
Scrolls
 c - 4 scrolls of fear
 e - 3 scrolls of poison
 i - 4 scrolls of identify {@r1}
 k - a scroll of enchant armour
 r - a scroll of enchant weapon {unknown}
 s - a scroll of immolation
Potions
 h - a potion of heal wounds {@q2}
 l - a potion of magic {unknown}
 q - a potion of haste {unknown}


   Skills:
 + Level 3.4 Fighting
 + Level 3.5 Axes
 + Level 2.7 Dodging
 + Level 3.0 Spellcasting
 + Level 3.9 Conjurations


You had 10 spell levels left.
You knew the following spells:

 Your Spells              Type           Power      Damage    Failure   Level
a - Kiss of Death         Conj/Necr      28%        2d7       88%         1

Your spell library contained the following spells:

 Spells                   Type           Power      Damage    Failure   Level
 Momentum Strike          Conj/Tloc      14%        3d8       95%         2
 Hailstorm                Conj/Ice       7%         3d4       99%         3


Dungeon Overview and Level Annotations

Branches:
Dungeon (5/15)             Temple (1/1) D:4

Altars:
Ashenzari
Gozag
Kikubaaqudgha
Qazlal
Ru
Sif Muna
Uskayaw
Vehumet
Wu Jian
The Shining One


Innate Abilities, Weirdness & Mutations

You are completely covered in rugged brown scales. (AC +3, +7% HP)
Armour fits poorly on your strangely shaped body.
You have a long armoured tail.
You roll when moving toward enemies. (Rampage)
Your long tongue fully drains potion bottles. (2x potion effects)
Your tongue gives you trouble enunciating. (1.5x scroll delay)


Message History

You take 18 damage, and have 26/54 hp.
MASSIVE DAMAGE!!
You are too injured to fight recklessly!
You are too injured to fight recklessly!
You are too injured to fight recklessly!
You are too injured to fight recklessly!
You are too injured to fight recklessly!
You are too injured to fight recklessly!
You are too injured to fight recklessly!
You are too injured to fight recklessly!
You are too injured to fight recklessly!
You are too injured to fight recklessly!
You are too injured to fight recklessly!
You are too injured to fight recklessly!
You are too injured to fight recklessly!
You are too injured to fight recklessly!
You hit the ogre.
The ogre is moderately wounded.
The ogre hits you but does no damage.
You hit the ogre but do no damage.
The ogre is moderately wounded.
The ogre hits you with a +0 giant spiked club!
* * * LOW HITPOINT WARNING * * *
You take 13 damage, and have 13/54 hp.
MASSIVE DAMAGE!!
You completely miss the ogre.
The ogre is moderately wounded.
You slash the ogre! You drain the ogre. You tail-slap the ogre.
The ogre is severely wounded.
The ogre barely misses you.
You barely miss the ogre.
The ogre is severely wounded.
The ogre hits you with a +0 giant spiked club!
* * * LOW HITPOINT WARNING * * *
You take 13 damage, and have 1/54 hp.
MASSIVE DAMAGE!!
You hit the ogre. You tail-slap the ogre.
The ogre is almost dead.
The ogre hits you but does no damage.
You hit the ogre.
The ogre is almost dead.
The ogre hits you with a +0 giant spiked club!
You die...

#....<<......#
####.#.###.#####
#.#..##......
###.##.....#
#...##..#.##
##.####.##.#
#####†.####....#
#......##...#.<#
#$....@...###..#
#......O.## .#
#.....###.# ..
.....# .... .#
.#.#. . .#.# .#
#...? .. #.#
..## . .# #


You could see an ogre (very drained).

Vanquished Creatures
  A phantom (D:4)
  3 scorpions
  An orc priest (D:3)
  A hound (D:5)
  Jessica (D:2)
  A sleepcap (D:5)
  3 adders
  3 dart slugs
  6 orcs
  4 bats
  4 endoplasms
  4 giant cockroaches
  7 goblins
  4 hobgoblins
  7 jackals (D:4)
  4 kobolds
  5 quokkas
  5 ball pythons
  4 rats
68 creatures vanquished.

Notes
Turn   | Place    | Note
-------+----------+-------------------------------------------
     0 | D:1      | Ofeo the Armataur Reaver began the quest for the Orb.
     0 | D:1      | Reached XP level 1. HP: 18/18 MP: 3/3
    88 | D:1      | Reached XP level 2. HP: 21/25 MP: 4/4
  1121 | D:2      | Reached XP level 3. HP: 31/31 MP: 6/6
  1321 | D:2      | Noticed Jessica
  1323 | D:2      | Killed Jessica
  1937 | D:2      | Reached XP level 4. HP: 39/39 MP: 7/7
  3765 | D:4      | Noticed a phantom
  3767 | D:4      | Identified a scroll of acquirement
  3767 | D:4      | Acquired the +0 barding of Lethargy {Str+6 Dex+2}
  3767 | D:4      | Noticed a scorpion
  3777 | D:4      | Found a shimmering blue altar of Sif Muna.
  3812 | D:4      | Found a staircase to the Ecumenical Temple.
  3918 | D:4      | Reached XP level 5. HP: 44/44 MP: 8/8
  4165 | Temple   | Entered the Ecumenical Temple
  4419 | D:4      | Killed a phantom
  4420 | D:4      | Reached XP level 6. HP: 35/54 MP: 10/10
  4817 | D:5      | Entered Level 5 of the Dungeon
  4897 | D:5      | HP: 1/54 [ogre/+0 giant spiked club (13)]
  4899 | D:5      | Mangled by an ogre

Illustrated notes

Levels and vault maps discovered:
D:1:      minmay_arrival_checkered_box, layout_basic
D:2:      layout_basic, kennysheep_jessica_study
D:3:      layout_basic
D:4:      layout_rooms, mainiacjoe_overflow_six_doors_small,
          minmay_temple_entry_large_hall, serial_corexii_hall,
          corexii_hall_statues_l, chequers_hall_statues_corner_a,
          hangedman_decor_slide_cut, minmay_liquid_box
D:5:      layout_rooms, nicolae_overflow_macrodata_refinement,
          jmf_multi_god_temple, minmay_bent
Temple:   nicolae_temple_bog_church

Skill      XL: |  1  2  3  4  5  6 |
---------------+-------------------+-----
Fighting       | 2 3 |  3.4
Spellcasting   | 2 3 |  3.0
Conjurations   | 3 |  3.9
Dodging        | 2 |  2.7
Axes           | 3 |  3.5

Action                     |  1- 3 |  4- 6 || total
---------------------------+-------+-------++-------
  Melee: Hand axe          |    86 |   138 ||   224
         Tailslap          |     5 |    13 ||    18
         Punch             |       |     1 ||     1
    Use: Scroll            |     4 |     5 ||     9
         Potion            |       |     2 ||     2
 Armour: Leather armour    |    16 |       ||    16
         Chain mail        |    27 |    11 ||    38
         Plate armour      |       |    96 ||    96
  Dodge: Dodged            |    35 |    27 ||    62

Table legend: (Time is in decaauts)
 A = Elapsed time spent in this place.
 B = Non-inter-level travel time spent in this place.
 C = Inter-level travel time spent in this place.
 D = Time resting spent in this place.
 E = Time spent auto-exploring this place.
 F = Levels seen in this place.
 G = Mean time per level.
                   A        B        C        D        E       F      G
               +--------+--------+--------+--------+--------+-----+--------+
         Total |   4939 |   4652 |    287 |    100 |   3877 |   6 |  823.2 |
       Dungeon |   4740 |   4473 |    267 |    100 |   3707 |   5 |  948.0 |
        Temple |    198 |    178 |     20 |      0 |    170 |   1 |  198.0 |
               +--------+--------+--------+--------+--------+-----+--------+

Top non-repeatable levels by time:
     D:2: 1672 daAuts
     D:3: 1370 daAuts
     D:4: 864 daAuts
     D:1: 749 daAuts
  Temple: 198 daAuts
     D:5: 85 daAuts
